 Dungeon Crawl Stone Soup version 0.30-a0-1094-g860fb061e7 (webtiles) character file.

Game seed: 1138136748679404450

117 billz999 the Ruffian (level 4, 0/39 HPs)
             Began as a Troll Earth Elementalist on Apr 16, 2023.
             Slain by a gnoll
             ... wielding a +0 whip
              (5 damage)
             ... on level 2 of the Dungeon on Apr 17, 2023.
             The game lasted 00:03:10 (1066 turns).

billz999 the Ruffian (Troll Earth Elementalist)     Turns: 1066, Time: 00:03:11

Health: 0/39       AC:  4    Str: 18    XL:     4   Next: 71%
Magic:  4/4        EV:  9    Int: 11    God:
Gold:   40         SH:  0    Dex: 10    Spells: 4/5 levels left

rFire   . . .      SeeInvis .      - Unarmed
rCold   . . .      Faith    .    (no shield)
rNeg    . . .      Spirit   .    a - +0 robe
rPois   .          Reflect  .    (helmet restricted)
rElec   .          Rampage  .    (no cloak)
rCorr   .                        (gloves unavailable)
Will    .....                    (boots unavailable)
Stlth   +                        (no amulet)
HPRegen 1.06/turn                (no ring)
MPRegen 0.09/turn                (no ring)

@: no status effects
A: large, unfitting armour, claws 3, regeneration 1, shaggy fur 1, tough skin 1
a: no special abilities


You were on level 2 of the Dungeon.
You visited 1 branch of the dungeon, and saw 2 of its levels.

You collected 40 gold pieces.

Inventory:

Armour
 a - a +0 robe (worn)
Scrolls
 c - a scroll of blinking {unknown}
 d - 2 scrolls of fear {unknown}
 h - a scroll of noise {unknown}
 j - a scroll of amnesia {unknown}
Potions
 b - a potion of magic
 e - a potion of berserk rage {unknown}
 f - a potion of resistance {unknown}
 g - a potion of heal wounds {unknown}
 i - a potion of lignification {unknown}
 k - a potion of curing {unknown}
 l - a potion of mutation {unknown}


   Skills:
 - Level 1.6 Dodging
 - Level 1.1 Stealth
 + Level 4.1 Unarmed Combat
 - Level 1.3 Spellcasting
 - Level 0.7 Transmutations
 - Level 2.7 Earth Magic


You had 4 spell levels left.
You knew the following spells:

 Your Spells              Type           Power      Damage    Failure   Level
a - Sandblast             Erth           12%        2d6       10%         1

Your spell library contained the following spells:

 Spells                   Type           Power      Damage    Failure   Level
 Passwall                 Tmut/Erth      3%         N/A       22%         2
 Stone Arrow              Conj/Erth      6%         3d7       47%         3
 Vhi's Electric Charge    Tloc/Air       0%         N/A       67%         3
 Petrify                  Tmut/Erth      4%         N/A       83%         4
 Manifold Assault         Tloc           0%         N/A       97%         4
 Arcjolt                  Conj/Air       0%         1d10      100%        5
 Plasma Beam              Fire/Air       0%         2x1d11    100%        6
 Malign Gateway           Summ/Tloc      0%         N/A       100%        7


Dungeon Overview and Level Annotations

Branches:
Dungeon (2/15)

Altars:


Innate Abilities, Weirdness & Mutations

You are too large for most types of armour.
You have claws for hands.
Your natural rate of healing is unusually fast.
You are covered in fur. (AC +1)
You have tough skin. (AC +1)


Message History

The goblin hits you but does no damage.
Unknown command.
You scratch the gnoll.
You kill the gnoll!
The gnoll closely misses you. The goblin hits you but does no damage.
Unknown command.
You claw the goblin!
You kill the goblin!
A goblin comes into view. It is wielding a +0 dagger.
The gnoll closely misses you. The goblin closely misses you.
Unknown command.
You claw the goblin!
You kill the goblin!
The gnoll hits you from afar with a +0 halberd!
Your Unarmed Combat skill increases to level 4!
Unknown command.
The gnoll hits you with a +0 halberd!
Items here: $ ( ))) †.
Unknown command.
You are too injured to fight recklessly!
Unknown command.
You are too injured to fight recklessly!
Unknown command.
You are too injured to fight recklessly!
Unknown command.
You are too injured to fight recklessly!
Unknown command.
You closely miss the gnoll. The goblin hits you with a +0 dagger.
A gnoll comes into view. It is wielding a +0 whip.
The gnoll hits you with a +0 halberd!
* * * LOW HITPOINT WARNING * * *
You scratch the gnoll.
The gnoll is heavily wounded.
You claw the gnoll!
You kill the gnoll!
The goblin hits you but does no damage.
You scratch the gnoll.
The gnoll is lightly wounded.
The gnoll hits you with a +0 whip.
You die...

#.... #.... # ### #.#
#.... .. .[ #.# ####...
...###. #.# #......
##...#.###.## ##......
............#####.......
#......g................
#....gg@)...............
###.#.##)...#####.......
.. #...)### #....#.. ...
#...†††###....##. ###
#....)...........
#................
.......>.†.........
...................
#..##...............


You could see a gnoll and 2 goblins.

Vanquished Creatures
  2 gnolls (D:2)
  4 adders (D:2)
  4 dart slugs
  2 endoplasms
  2 giant cockroaches
  9 goblins
  7 hobgoblins
  5 jackals
  5 ball pythons
  3 bats
  A frilled lizard (D:2)
  2 kobolds (D:1)
  5 rats (D:1)
51 creatures vanquished.

Vanquished Creatures (others)
  7 fungi (D:2)
  7 plants (D:2)
14 creatures vanquished.

Grand Total: 65 creatures vanquished

Notes
Turn   | Place    | Note
-------+----------+-------------------------------------------
     0 | D:1      | billz999 the Troll Earth Elementalist began the quest for
                  | the Orb.
     0 | D:1      | Reached XP level 1. HP: 16/16 MP: 1/1
   235 | D:1      | Upgraded the game from 0.30-a0-1085-g990a428a5c to
                  | 0.30-a0-1094-g860fb061e7
   316 | D:1      | Reached XP level 2. HP: 19/24 MP: 2/2
   334 | D:1      | Reached skill level 1 in Unarmed Combat
   749 | D:1      | Got the Tome of the Map
   880 | D:2      | Reached skill level 2 in Unarmed Combat
   880 | D:2      | Reached XP level 3. HP: 31/31 MP: 3/3
   912 | D:2      | Reached skill level 3 in Unarmed Combat
   940 | D:2      | Reached XP level 4. HP: 38/39 MP: 4/4
  1062 | D:2      | Reached skill level 4 in Unarmed Combat
  1066 | D:2      | Slain by a gnoll

Illustrated notes

Levels and vault maps discovered:
D:1:      lightli_molten_gateway, layout_basic, feat_on_display
D:2:      layout_rooms, dreamdust_ecumenical_altar_grove, uniq_robin

Skill      XL: |  1  2  3  4 |
---------------+-------------+-----
Unarmed Combat | 2 3 4 |  4.1
Dodging        | |  1.6
Stealth        | |  1.1
Spellcasting   | |  1.3
Transmutations | |  0.7
Earth Magic    | |  2.7

Action                     |  1- 3 |  4- 6 || total
---------------------------+-------+-------++-------
  Melee: Unarmed           |    78 |    53 ||   131
         Punch             |     3 |       ||     3
   Stab: Sleeping          |     3 |       ||     3
 Armour: Robe              |    31 |    20 ||    51
  Dodge: Dodged            |    30 |    36 ||    66

Table legend: (Time is in decaauts)
 A = Elapsed time spent in this place.
 B = Non-inter-level travel time spent in this place.
 C = Inter-level travel time spent in this place.
 D = Time resting spent in this place.
 E = Time spent auto-exploring this place.
 F = Levels seen in this place.
 G = Mean time per level.
                   A        B        C        D        E       F      G
               +--------+--------+--------+--------+--------+-----+--------+
         Total |   1060 |   1035 |     25 |      8 |    650 |   2 |  530.0 |
       Dungeon |   1060 |   1035 |     25 |      8 |    650 |   2 |  530.0 |
               +--------+--------+--------+--------+--------+-----+--------+

Top non-repeatable levels by time:
     D:1: 874 daAuts
     D:2: 186 daAuts
